 Dungeon Crawl Stone Soup version 0.31-a0-331-geda263fcf1 (webtiles) character file.

Game seed: 6193593180646807072

155 mopl the Changeling (level 5, 0/35 HPs)
             Began as an Octopode Shapeshifter on July 19, 2023.
             Slain by an orc
             ... wielding a +0 war axe
              (10 damage)
             ... on level 3 of the Dungeon.
             The game lasted 00:02:06 (1457 turns).

mopl the Changeling (Octopode Shapeshifter)         Turns: 1457, Time: 00:02:07

Health: 0/35       AC:  1    Str: 14    XL:     5   Next: 37%
Magic:  5/5        EV: 13    Int: 11    God:
Gold:   69         SH:  0    Dex: 14    Spells: 4/4 levels left

rFire   . .          .
                       - Unarmed
rCold   . . .        (no shield)
rNeg    . . .        (helmet currently unavailable)
rPois   .            (no amulet)
rElec   .            (no ring)
rCorr   .            (no ring)
SInv    .            (no ring)
Will    .....        (no ring)
Stlth   ++           (no ring)
HPRegen 0.25/turn    (no ring)
MPRegen 0.09/turn    (no ring)
                     (no ring)

%: no passive effects
@: confused, beast-form
A: beast (slay +2), almost no armour, amphibious, 8 rings, camouflage 1,
gelatinous body 1, (nimble swimmer 1), tentacles
a: Begin Untransformation


You were on level 3 of the Dungeon.
You were a hulking beast.
You visited 1 branch of the dungeon, and saw 3 of its levels.

You collected 69 gold pieces.

Inventory:

Missiles
 d - 8 boomerangs
Talismans
 b - a beast talisman
Scrolls
 e - a scroll of teleportation {unknown}
 f - 2 scrolls of immolation {unknown}
 i - a scroll of fog {unknown}
 j - a scroll of torment {unknown}
 k - 2 scrolls of identify {unknown}
 l - 2 scrolls of blinking {unknown}
Potions
 a - a potion of lignification {!q}
 c - a potion of curing {unknown}
 g - a potion of mutation {unknown}
 h - a potion of attraction {unknown}
 m - a potion of cancellation {unknown}
 n - a potion of degeneration {unknown}


   Skills:
 + Level 2.7 Fighting
 + Level 2.8 Dodging
 * Level 3.4 Unarmed Combat
 * Level 3.9 Shapeshifting


You had 4 spell levels left.
You didn't know any spells.
Your spell library contained the following spells:

 Spells                   Type           Power      Damage    Failure   Level
 Freeze                   Ice            0%         1d3       34%         1
 Frozen Ramparts          Ice            0%         1d1       71%         3
 Hailstorm                Conj/Ice       0%         3d3       71%         3


Dungeon Overview and Level Annotations

Branches:
Dungeon (3/15)

Altars:
Hepliaklqana
Qazlal
Wu Jian
Yredelemnul

Shops:
D:1 (


Innate Abilities, Weirdness & Mutations

You are a hulking beast.
Your limbs bulge with bestial killing power. (Slay +2)
You cannot wear most types of armour.
You are amphibious.
You can wear up to eight rings at the same time.
Your skin changes colour to match your surroundings (Stealth+).
Your rubbery body absorbs attacks. (AC +1, EV +1)
((You are camouflaged when in or above water. (Stealth+)))
You have tentacles for arms and can constrict up to eight enemies at once.


Message History

An orc comes into view.
It is wielding a +2 falchion of holy wrath.
An orc wizard comes into view. It is wielding a +0 dagger.
The orc shouts!
You hear a shout!
An orc comes into view. It is wielding a +0 war axe.
Found 5 stones.
The orc misses you.
You tentacle-slap the orc wizard. You grab the orc wizard.
You squeeze the orc wizard!
The orc wizard is almost dead.
You constrict the orc wizard. The orc wizard barely misses you.
The orc hits you with a +2 falchion of holy wrath.
You barely miss the orc wizard.
The orc wizard is almost dead.
You constrict the orc wizard.
The orc wizard mumbles some strange words.
The orc wizard flickers and vanishes!
Deactivating autopickup; reactivate with Ctrl-A.
The orc closely misses you.
You release your grip on something.
You bludgeon the orc!
You kill the orc!
You hear some strange, mumbled words.
You are confused.
You see here a +2 falchion of holy wrath.
You tentacle-slap the orc.
The orc is severely wounded.
The orc barely misses you.
You hear some strange, mumbled words.
A puff of flame appears from out of thin air!
The puff of flame hits you.
You barely miss the orc.
The orc is severely wounded.
The orc barely misses you.
You miss something. The orc completely misses you. Something hits you.
You bump into the rock wall.
The orc hits you with a +0 war axe!
You hear some strange, mumbled words.
A magic dart appears from out of thin air!
The magic dart hits you!
* * * LOW HITPOINT WARNING * * *
The orc attacks as you move away! The orc hits you with a +0 war axe!
You die...

#..## #..####.. ###.##
#........ #...#
###..###... ## #.###
#..........
#.######.#####...+######
#...#.>.....##.#.#......
#.....#####......#.+####
##.#..###........# #....
##....oh..##.....# #.##.
#.....{##....##..# #.##.
....#?##.##.#####..#
#.... ..###. #....#
..#.+#### . .. #(..##
..#...... ... .....#
#.+###### #.. ##.#...
...(... .####. ##### .#
( #


You could see an orc.

Vanquished Creatures
  A hound (D:3)
  Jessica (D:3)
  2 adders (D:2)
  2 worms
  A dart slug (D:2)
  An orc (D:3)
  5 endoplasms
  3 giant cockroaches
  6 goblins
  5 hobgoblins
  5 jackals (D:2)
  4 quokkas
  8 ball pythons
  4 bats
  8 frilled lizards
  6 kobolds
  11 rats
73 creatures vanquished.

Notes
Turn   | Place    | Note
-------+----------+-------------------------------------------
     0 | D:1      | mopl the Octopode Shapeshifter began the quest for the Orb.
     0 | D:1      | Reached XP level 1. HP: 14/14 MP: 1/1
    24 | D:1      | Found Isoh's Antique Weapon Boutique.
   116 | D:1      | Reached XP level 2. HP: 19/19 MP: 2/2
   209 | D:1      | Reached XP level 3. HP: 24/24 MP: 3/3
   835 | D:2      | Reached XP level 4. HP: 30/30 MP: 4/4
   881 | D:2      | Found a faded altar of an unknown god.
  1129 | D:2      | Found a basalt altar of Yredelemnul.
  1138 | D:2      | Reached skill level 3 in Unarmed Combat
  1249 | D:3      | Reached XP level 5. HP: 30/35 MP: 5/5
  1263 | D:3      | Noticed Jessica
  1270 | D:3      | Killed Jessica
  1290 | D:3      | Found a hazy altar of Hepliaklqana.
  1296 | D:3      | Found an ornate altar of the Wu Jian Council.
  1301 | D:3      | Found a stormy altar of Qazlal.
  1457 | D:3      | Slain by an orc

Illustrated notes

Levels and vault maps discovered:
D:1:      lightli_arrival_lavapool, layout_basic, serial_shops,
          nicolae_shop_dealshenge
D:2:      layout_basic, shapermc_ecumenical_altar_mp_highgroup, basic_altar
D:3:      layout_rooms, minmay_overflow_temple_star_quad, minivault_11,
          minmay_misc_feat_five, minmay_joined_circles, uniq_jessica

Skill      XL: |  1  2  3  4 |
---------------+-------------+-----
Unarmed Combat | 3 |  3.4
Fighting       | |  2.7
Dodging        | |  2.8
Shapeshifting  | |  3.9

Action                     |  1- 3 |  4- 6 || total
---------------------------+-------+-------++-------
  Melee: Unarmed           |    61 |    49 ||   110
         Constrict         |    19 |    16 ||    35
         Tentacles         |    13 |    10 ||    23
   Stab: Sleeping          |     4 |     5 ||     9
 Armour: Skin              |       |     2 ||     2
  Dodge: Dodged            |    34 |    35 ||    69

Table legend: (Time is in decaauts)
 A = Elapsed time spent in this place.
 B = Non-inter-level travel time spent in this place.
 C = Inter-level travel time spent in this place.
 D = Time resting spent in this place.
 E = Time spent auto-exploring this place.
 F = Levels seen in this place.
 G = Mean time per level.
                   A        B        C        D        E       F      G
               +--------+--------+--------+--------+--------+-----+--------+
         Total |   1450 |   1411 |     39 |      0 |   1058 |   3 |  483.3 |
       Dungeon |   1450 |   1411 |     39 |      0 |   1058 |   3 |  483.3 |
               +--------+--------+--------+--------+--------+-----+--------+

Top non-repeatable levels by time:
     D:1: 672 daAuts
     D:2: 552 daAuts
     D:3: 226 daAuts
